 Dungeon Crawl Stone Soup version 0.24.0-13-gcf9b3192b9 (webtiles) character file.

Game seed: 11746460324125536595, levelgen mode: deterministic

89 Mesmaeker13 the Magician (level 4, -2/33 HPs)
             Began as a Draconian Wizard on Nov 7, 2019.
             Killed by nerve-wracking pain
             ... invoked by an orc priest
              (7 damage)
             ... on level 3 of the Dungeon.
             The game lasted 00:03:14 (3720 turns).

Mesmaeker13 the Magician (Draconian Wizard)         Turns: 3720, Time: 00:03:15

Health: -2/33      AC:  5    Str:  9    XL:     4   Next: 31%
Magic:  1/9        EV: 12    Int: 20    God:
Gold:   120        SH:  3    Dex:  9    Spells: 7/10 levels left

rFire    . . .     SeeInvis .   m - +0 short sword
rCold    . . .     Gourm    .   (no shield)
rNeg     . . .     Faith    .   (armour unavailable)
rPois    .         Spirit   .   a - +0 hat
rElec    .         Reflect  +   (no cloak)
rCorr    .         Harm     .   (no gloves)
MR       .....                  (no boots)
Stlth    ++........             r - +3 amulet of reflection
HPRegen  0.11/turn              (no ring)
MPRegen  0.11/turn              (no ring)

@: very slightly contaminated
A: unfitting armour, cold-blooded, AC +5
a: no special abilities


You were on level 3 of the Dungeon.
You were not hungry.

You visited 1 branch of the dungeon, and saw 3 of its levels.

You collected 120 gold pieces.

Inventory:

Hand Weapons
 m - a +0 short sword (weapon)
Missiles
 o - 8 javelins (quivered)
Armour
 a - a +0 hat (worn)
Jewellery
 r - a +3 amulet of reflection (around neck)
 s - a +6 ring of protection {unknown}
Wands
 p - a wand of digging (5)
Scrolls
 e - a scroll of fog
 g - a scroll of enchant weapon {unknown}
 i - a scroll of magic mapping {unknown}
 q - a scroll of blinking {unknown}
 t - 2 scrolls of amnesia
 u - a scroll of noise {unknown}
Potions
 b - a potion of lignification {unknown}
 d - a potion of curing {unknown}
 f - 2 potions of invisibility
 h - a potion of haste {unknown}
 j - a potion of degeneration {unknown}
 k - a potion of resistance {unknown}
 l - a potion of cancellation {unknown}
 n - a potion of heal wounds {unknown}
 v - 2 potions of agility {unknown}
Comestibles
 c - 7 rations


   Skills:
 + Level 2.7 Dodging
 - Level 1.7 Stealth
 + Level 3.7 Spellcasting
 + Level 2.5 Conjurations
 - Level 1.0 Summonings
   Level 1.0 Translocations


You had 7 spell levels left.
You knew the following spells:

 Your Spells              Type           Power        Failure   Level  Hunger
a - Magic Dart            Conj           ##..         4%          1    None
b - Call Imp              Summ           #.......     13%         2    ##.....

Your spell library contained the following spells:

 Spells                   Type           Power        Failure   Level  Hunger
 Blink                    Tloc           N/A          13%         2    ##.....
 Slow                     Hex            #.......     21%         2    ##.....
 Conjure Flame            Conj/Fire      #.......     24%         3    ###....
 Mephitic Cloud           Conj/Pois/Air  #.......     28%         3    ###....


Dungeon Overview and Level Annotations

Branches:
Dungeon (3/15)

Altars:
Kikubaaqudgha


Innate Abilities, Weirdness & Mutations

Your plain brown scales are hard. (AC +5)
You cannot fit into any form of body armour.
You are cold-blooded and may be slowed by cold attacks.


Message History

Your crimson imp blinks!
Casting: Magic Dart (safe; 4% risk of failure)
Confirm with . or Enter, or press ? or * to list all spells.
Aiming: Magic Dart (safe; 4% risk of failure)
Press: ? - help, Shift-Dir - straight line, f/p - orc priest
Aim: an orc priest, wielding a +0 dagger and wearing a +0 ring mail (severely wounded)
The magic dart hits the orc priest but does no damage.
The orc priest is severely wounded.
The orc priest barely misses you.
Your crimson imp blinks!
Casting: Magic Dart (safe; 4% risk of failure)
Confirm with . or Enter, or press ? or * to list all spells.
Aiming: Magic Dart (safe; 4% risk of failure)
Press: ? - help, Shift-Dir - straight line, f/p - orc priest
Aim: an orc priest, wielding a +0 dagger and wearing a +0 ring mail (severely wounded)
The magic dart hits the orc priest.
The orc priest is almost dead.
The orc priest mumbles some strange prayers to Beogh against you.
Pain shoots through your body!
You die...

##........# ##.#
#..###...[#
...#######.###.....#
##....................
...#######[###.###.###
#....###..##..# .#
#.#.#...#...# #
#.....###.###
#....####@#####
#..##....o.....#
....#######..###.##
###.##...##..ยง......
##.#..........#####
#o.............#
.........(.....#
.o..........5...#
..............##


You could see an orc priest and a friendly crimson imp.

Vanquished Creatures
  Jessica (D:2)
  2 adders
  2 worms (D:2)
  A dart slug (D:3)
  A leopard gecko (D:2)
  3 bats
  3 giant cockroaches (D:1)
  4 goblins
  2 hobgoblins
  2 jackals (D:2)
  6 kobolds
  A quokka (D:2)
  A frilled lizard (D:2)
  10 rats
39 creatures vanquished.

Notes
Turn   | Place    | Note
-------+----------+-------------------------------------------
     0 | D:1      | Mesmaeker13 the Draconian Wizard began the quest for the
                  | Orb.
     0 | D:1      | Reached XP level 1. HP: 14/14 MP: 4/4
   461 | D:1      | Reached XP level 2. HP: 3/20 MP: 1/6
  1806 | D:2      | Learned a level 2 spell: Call Imp
  1834 | D:2      | Found an ancient bone altar of Kikubaaqudgha.
  1840 | D:2      | Noticed Jessica
  1851 | D:2      | Killed Jessica
  1851 | D:2      | Reached XP level 3. HP: 26/26 MP: 3/7
  2677 | D:2      | Reached XP level 4. HP: 33/33 MP: 3/9
  3720 | D:3      | Killed from afar by an orc priest

Levels and vault maps discovered:
D:1:      tarquinn_simple_flora_water_b, layout_loops_ring
D:2:      wad_woods_pond, layout_basic, kiku_gazebo_pond_becter, uniq_jessica
D:3:      gammafunk_wand_slinger, layout_rooms

Skill      XL: |  1  2 |
---------------+-------+-----
Dodging        | 2 |  2.7
Conjurations   | 2 |  2.5
Stealth        | |  1.7
Spellcasting   | |  3.7
Summonings     | |  1.0
Translocations | |  1.0

Action                   |  1- 3 |  4- 6 || total
-------------------------+-------+-------++-------
Melee: Unarmed           |    42 |       ||    42
       Tailslap          |     3 |       ||     3
       Short sword       |     5 |     5 ||    10
Throw: Javelin           |     5 |       ||     5
 Cast: Magic Dart        |    76 |    31 ||   107
       Call Imp          |       |     2 ||     2
  Use: Scroll            |     1 |     3 ||     4
  Eat: Ration            |     1 |       ||     1
       Chunk             |     2 |     3 ||     5
Armor: Skin              |    13 |     1 ||    14
Dodge: Dodged            |    36 |     4 ||    40
